 Dungeon Crawl Stone Soup version 0.30.1-9-gdf580d7c3d (webtiles) character file.

Game seed: 13897240221225893116

139 lonewolfV2 the Shield-Bearer (level 5, -3/43 HPs)
             Began as a Formicid Fighter on Oct 21, 2023.
             Succumbed to Duvessa's poison
             ... on level 4 of the Dungeon.
             The game lasted 00:04:10 (2401 turns).

lonewolfV2 the Shield-Bearer (Formicid Fighter)     Turns: 2401, Time: 00:04:10

Health: -3/43      AC:  9    Str: 23    XL:     5   Next: 46%
Magic:  5/5        EV:  8    Int:  7    God:
Gold:   143        SH:  6    Dex: 13    Spells: 4/4 levels left

rFire   . . .        a - +0 war axe
rCold   . . .        c - +1 buckler
rNeg    . . .        p - +0 chain mail
rPois   .            (helmet unavailable)
rElec   .            (no cloak)
rCorr   .            (no gloves)
SInv    +            (no boots)
Will    .....        h - amulet of regeneration Stlth
                     (no ring)
HPRegen 1.07/turn    (no ring)
MPRegen 0.09/turn

%: no passive effects
@: mighty, lethally poisoned (-3 -> -18), weak-willed
A: permanent stasis, dig shafts and tunnels, antennae 3, four strong arms
a: Dig, Shaft Self


You were on level 4 of the Dungeon.
You visited 1 branch of the dungeon, and saw 4 of its levels.

You collected 143 gold pieces.

Inventory:

Hand Weapons
 a - a +0 war axe (weapon)
Armour
 c - a +1 buckler (worn)
 p - a +0 chain mail (worn)
Jewellery
 f - a +4 ring of protection
 h - an amulet of regeneration (around neck)
Scrolls
 n - a scroll of magic mapping
 t - a scroll of fog
Potions
 b - a potion of cancellation {unknown}
 e - a potion of heal wounds {unknown}
 g - 2 potions of haste
 i - 2 potions of attraction
 j - 2 potions of mutation
 l - a potion of berserk rage
 m - 2 potions of curing {unknown}
 o - a potion of magic {unknown}


   Skills:
 + Level 4.4 Fighting
 - Level 2.0 Axes
 + Level 4.5 Armour
 + Level 5.5 Shields


You had 4 spell levels left.
You didn't know any spells.
Your spell library was empty.

Dungeon Overview and Level Annotations

Branches:
Dungeon (4/15)
 Temple: D:4-7

Altars:
Cheibriados
Zin

Shops:
D:3 *

Annotations:
D:4 Dowan, Duvessa


Innate Abilities, Weirdness & Mutations

You cannot be hasted, slowed, berserked, paralysed or teleported.
You can dig through walls and to a lower floor.
You have a pair of large antennae on your head. (SInv)
Your four strong arms can wield two-handed weapons with a shield.


Message History

You feel very mighty all of a sudden. You block Duvessa's attack.
Dowan hits you with a +0 dagger.
You feel mightier all of a sudden. Duvessa barely misses you.
Dowan hits you but does no damage.
You barely miss Duvessa. You closely miss Dowan.
Dowan hits you with a +0 dagger. You block Duvessa's attack.
You slash Duvessa!
Duvessa is lightly wounded.
You closely miss Dowan. Dowan gestures at you while chanting.
You block the puff of flame.
Duvessa hits you with a +2 short sword of venom.
You are poisoned.
Duvessa hits you with a +2 short sword of venom.
You are more poisoned.
Dowan casts a spell.
Dowan blinks!
You slash Duvessa!
Duvessa is heavily wounded.
You feel extremely sick.
Duvessa hits you with a +2 short sword of venom.
You are more poisoned.
You hit Duvessa.
Duvessa is heavily wounded.
You feel extremely sick.
Duvessa hits you with a +2 short sword of venom.
You are more poisoned.
You block Duvessa's attack.
Unknown command.
You hit Duvessa.
Duvessa is severely wounded.
You slash Dowan!
* * * LOW HITPOINT WARNING * * *
You feel extremely sick.
Duvessa says, "Where magic fails, the sword succeeds!"
You block Duvessa's attack. Dowan hits you with a +0 dagger.
* * * LOW HITPOINT WARNING * * *
It was a potion of berserk rage.
Your stasis prevents you from going berserk.
You die...

#.....#
#.....#
+.....#
#..$..#
#####.....
.........#
.......e.#
......e@.#
.[.......#
....###+##
... .


You could see Duvessa and Dowan.

Vanquished Creatures
  Robin (D:2)
  4 adders
  5 worms
  4 orcs (D:3)
  6 ball pythons
  5 endoplasms
  5 giant cockroaches
  16 goblins
  5 hobgoblins
  3 jackals (D:2)
  3 kobolds
  4 bats
  4 frilled lizards
  3 rats
68 creatures vanquished.

Notes
Turn   | Place    | Note
-------+----------+-------------------------------------------
     0 | D:1      | lonewolfV2 the Formicid Fighter began the quest for the
                  | Orb.
     0 | D:1      | Reached XP level 1. HP: 18/18 MP: 1/1
   134 | D:1      | Reached XP level 2. HP: 23/24 MP: 2/2
   875 | D:2      | Reached XP level 3. HP: 30/30 MP: 3/3
   917 | D:2      | Found a faded altar of an unknown god.
  1150 | D:2      | Reached XP level 4. HP: 37/37 MP: 4/4
  1182 | D:2      | Noticed Robin
  1214 | D:2      | Killed Robin
  1215 | D:2      | Reached skill level 5 in Shields
  1730 | D:2      | Reached XP level 5. HP: 42/42 MP: 5/5
  1793 | D:3      | Found Zin's Purification Station.
  1793 | D:3      | Found a glowing silver altar of Zin.
  2138 | D:3      | Found a snail-covered altar of Cheibriados.
  2392 | D:4      | Noticed Duvessa
  2392 | D:4      | Noticed Dowan
  2400 | D:4      | HP: 2/43 [Dowan/+0 dagger (1)]
  2401 | D:4      | Succumbed to Duvessa's poison

Illustrated notes

Levels and vault maps discovered:
D:1:      minmay_arrival_floating_metal, layout_loops_cross
D:2:      layout_basic, hellmonk_ecumenical_altar_prayer_group, uniq_robin
D:3:      layout_basic, cheibriados_altar_1, zin_purify
D:4:      layout_gridville, nemelex_dance_club_becter, serial_glass,
          glass_columns_a, glass_columns_a, glass_columns_a, glass_columns_a,
          glass_columns_a, due_unseen_surprise, item_on_display_b,
          feat_on_display, item_on_display_a, lightli_minifort, uniq_duvessa

Skill      XL: |  1  2  3  4 |
---------------+-------------+-----
Fighting       | 4 |  4.4
Armour         | 4 |  4.5
Shields        | 5 |  5.5
Axes           | |  2.0

Action                     |  1- 3 |  4- 6 || total
---------------------------+-------+-------++-------
  Melee: War axe           |    60 |   100 ||   160
    Use: Scroll            |     4 |     8 ||    12
         Potion            |       |     3 ||     3
 Armour: Scale mail        |    34 |    33 ||    67
         Chain mail        |       |    16 ||    16
  Dodge: Dodged            |    39 |    62 ||   101
  Block: Buckler           |    16 |    52 ||    68
